 Dungeon Crawl Stone Soup version 0.32-a0-673-g3729bd50f8 (webtiles) character file.

Game seed: 354770435511422802

44419 pokeman the Eclecticist (level 13, -5/72 HPs)
             Began as a Deep Elf Hedge Wizard on Mar 10, 2024.
             Was an Elder of Vehumet.
             Slain by a harpy simulacrum (7 damage)
             ... in an ice cave.
             The game lasted 00:58:38 (19106 turns).

pokeman the Eclecticist (Deep Elf Hedge Wizard)    Turns: 19106, Time: 00:58:38

Health: -5/72      AC:  9    Str:  7    XL:     13   Next: 96%
Magic:  35/38      EV: 12    Int: 25    God:    Vehumet [****..]
Gold:   486        SH:  0    Dex: 18    Spells: 29/50 levels left

rFire   . . .        M - +4 quick blade (drain)
rCold   + + .        (no shield)
rNeg    . . .        C - +0 leather armour "Ungen" {rPois rC+ Dex+4}
rPois   +            q - +1 helmet of Vlad {rF+ rCorr Stlth+}
rElec   .            x - +0 cloak
rCorr   +            U - +1 pair of gloves
SInv    .            (no boots)
Will    +....        (no amulet)
Stlth   ++           R - ring of wizardry
HPRegen 0.32/turn    T - ring of ice
MPRegen 0.26/turn

%: wizardry (x1)
@: on blink cooldown, very slow
A: no striking features
a: Renounce Religion


You were in an ice cave.
You worshipped Vehumet.
Vehumet was greatly pleased with you.
You visited 3 branches of the dungeon, and saw 17 of its levels.
You also visited: Ice Cave.

You collected 1066 gold pieces.
You spent 580 gold pieces at shops.

Inventory:

Hand Weapons
 w - a +2 quarterstaff of chaos
 y - a +2 hand axe of electrocution
 M - a +4 quick blade of draining (weapon)
 V - the +8 whip "Snakebite" {venom, curare, rPois}
   (You found it on level 2 of the Lair of Beasts)

   rPois:     It protects you from poison.
Missiles
 o - 10 curare-tipped darts
 P - 4 throwing nets
Armour
 q - the +1 helmet of Vlad (worn) {rF+ rCorr Stlth+}
   (You found it on level 2 of the Dungeon)

   rF+:       It protects you from fire.
   rCorr:     It protects you from acid and corrosion.
   Stlth+:    It makes you more stealthy.
 u - a +3 leather armour of willpower
 x - a +0 cloak (worn)
 C - the +0 leather armour "Ungen" (worn) {rPois rC+ Dex+4}
   (You found it on level 5 of the Dungeon)

   Dex+4:     It affects your dexterity (+4).
   rC+:       It protects you from cold.
   rPois:     It protects you from poison.
 F - a +2 robe of resistance
 U - a +1 pair of gloves (worn)
Magical Staves
 G - a staff of earth
Jewellery
 A - a ring of see invisible
 L - a +6 ring of intelligence
 R - a ring of wizardry (left hand)
 S - a ring of wizardry
 T - a ring of ice (right hand)
Wands
 a - a wand of flame (67)
 B - a wand of charming (8)
 H - a wand of acid (2)
 I - a wand of mindburst (14)
Scrolls
 b - 2 scrolls of amnesia
 g - 3 scrolls of noise
 h - 4 scrolls of vulnerability
 k - 2 scrolls of summoning
 l - 3 scrolls of poison
 n - 5 scrolls of teleportation
 p - a scroll of fog
 r - 3 scrolls of revelation
 s - 3 scrolls of torment
 v - a scroll of enchant armour
 z - 2 scrolls of identify
 J - a scroll of brand weapon {unknown}
 K - 4 scrolls of blinking
 Y - a scroll of fear {unknown}
Potions
 c - 12 potions of curing
 d - 3 potions of magic
 e - 5 potions of haste
 f - 2 potions of mutation
 i - 4 potions of heal wounds {unknown}
 j - 2 potions of resistance {unknown}
 m - 2 potions of invisibility {unknown}
 t - 3 potions of enlightenment {unknown}
 D - 2 potions of degeneration {unknown}
 E - a potion of cancellation {unknown}
 O - 2 potions of attraction {unknown}
 Q - a potion of brilliance {unknown}
 W - a potion of ambrosia {unknown}
 X - a potion of berserk rage {unknown}
 Z - a potion of lignification {unknown}


   Skills:
 - Level 5.0 Fighting
 - Level 7.0 Short Blades
 - Level 6.0 Armour
 - Level 3.0 Dodging
 - Level 3.0 Stealth
 + Level 3.7 Shields
 * Level 19.4 Spellcasting
 + Level 11.6 Conjurations
 - Level 1.1 Summonings
 - Level 1.1 Translocations
 + Level 11.0 Ice Magic
 - Level 1.0 Air Magic
 - Level 1.0 Earth Magic
 - Level 1.0 Alchemy
 - Level 1.0 Evocations


You had 29 spell levels left.
You knew the following spells:

 Your Spells              Type           Power      Damage    Failure   Level
a - Magic Dart            Conj           100%       1d8       0%          1
b - Mephitic Cloud        Conj/Alch/Air  47%        N/A       1%          3
c - Call Imp              Summ           58%        N/A       1%          2
d - Blink                 Tloc           58%        N/A       1%          2
e - Call Canine Familiar  Summ           29%        N/A       1%          3
f - Hailstorm             Conj/Ice       88%        3d14      1%          3
g - Ozocubu's Refrigerat  Ice            43%        4d17      2%          7

Your spell library contained the following spells:

 Spells                   Type           Power      Damage    Failure   Level
 Airstrike                Air            14%        2d(3-19)  1%          4
 Necrotise                Necr           96%        1d8       1%          1
 Slow                     Hex            96%        N/A       1%          1
 Cigotuvi's Dreadful Rot  Necr/Alch/Air  54%        N/A       1%          2
 Lesser Beckoning         Tloc           58%        N/A       1%          2
 Momentum Strike          Conj/Tloc      100%       3d10      1%          2
 Ozocubu's Armour         Ice            87%        N/A       1%          3
 Fugue of the Fallen      Necr           24%        N/A       3%          3
 Sigil of Binding         Hex            24%        N/A       3%          3
 Vampiric Draining        Necr           24%        2d7       3%          3
 Metabolic Englaciation   Hex/Ice        33%        N/A       3%          5
 Conjure Ball Lightning   Conj/Air       27%        3x3d8     3%          6
 Manifold Assault         Tloc           29%        N/A       7%          4
 Dimensional Bullseye     Hex/Tloc       13%        N/A       9%          4
 Martyr's Knell           Necr/Summ      27%        N/A       9%          4
 Anguish                  Hex/Necr       12%        N/A       11%         4
 Animate Dead             Necr           24%        N/A       11%         4
 Cause Fear               Hex            12%        N/A       11%         4
 Sculpt Simulacrum        Ice/Alch       34%        N/A       14%         6
 Borgnjor's Vile Clutch   Necr/Erth      13%        N/A       24%         5
 Curse of Agony           Necr           24%        N/A       28%         5
 Death Channel            Necr           12%        N/A       82%         6
 Polar Vortex             Ice            43%        12d5*     88%         9
 Enfeeble                 Hex            12%        N/A       100%        7
 Discord                  Hex            12%        N/A       100%        8
 Disjunction              Tloc           14%        N/A       100%        8


Dungeon Overview and Level Annotations

Branches:
Dungeon (11/15)            Temple (1/1) D:6            Lair (5/5) D:10
 Shoals (0/4) Lair:2        Snake (0/4) Lair:2        Slime (0/5) Lair:4
    Orc (0/2) D:9           IceCv (1/1)

Altars:
Ashenzari
Cheibriados
Dithmenos
Elyvilon
Fedhas
Gozag
Hepliaklqana
Kikubaaqudgha
Makhleb
Nemelex Xobeh
Okawaru
Qazlal
Ru
Sif Muna
Trog
Uskayaw
Vehumet
Wu Jian
Xom
Yredelemnul
Zin
The Shining One
Beogh

Shops:
D:2 *!=*   D:5 (   D:7 !   D:9 [(   D:10 :

Annotations:
D:4 3 runed translucent doors, Atlas's ghost, amateur DsFE
D:9 8 runed translucent doors, Azoth's ghost, journeyman DsSh
Lair:3 2 transporters, exclusion: 2 ice statues, Bediveer's ghost, journeyman OnBe


Message History

You blink.
Splash!
The harpy simulacrum claws you but does no damage.
The harpy simulacrum closely misses you.
Casting: Blink (safe; 1% risk of failure)
Confirm with . or Enter, or press ? or * to list all spells.
A tiny devil pulls itself out of the air.
The harpy simulacrum claws you but does no damage. x2
The harpy simulacrum barely misses you. The harpy simulacrum misses you.
The harpy simulacrum claws you. The harpy simulacrum freezes you. You resist.
The harpy simulacrum claws you.
* * * LOW HITPOINT WARNING * * *
The harpy simulacrum freezes you. You resist.
* * * LOW HITPOINT WARNING * * *
Unknown command.
You swap places.
The harpy simulacrum claws you but does no damage.
The harpy simulacrum claws you.
* * * LOW HITPOINT WARNING * * *
The harpy simulacrum freezes you. You resist.
* * * LOW HITPOINT WARNING * * *
The harpy simulacrum barely misses you. The harpy simulacrum claws you.
* * * LOW HITPOINT WARNING * * *
The harpy simulacrum freezes you. You resist.
* * * LOW HITPOINT WARNING * * *
Your cerulean imp hits the harpy simulacrum with a -2 spear.
The harpy simulacrum misses you. The harpy simulacrum barely misses you.
Unknown command.
Your unstable footing causes you to fumble your attack.
The harpy simulacrum claws you.
* * * LOW HITPOINT WARNING * * *
The harpy simulacrum freezes you. You resist.
* * * LOW HITPOINT WARNING * * *
The harpy simulacrum misses you.
Your cerulean imp hits the harpy simulacrum but does no damage.
The dire elephant simulacrum barely misses your cerulean imp. x2
Unknown command.
Your unstable footing causes you to fumble your attack.
The harpy simulacrum claws you!
You die...

#..### ##...##
###..# #..##
##..## ###..#
####
#######~~.##
#...##~~≈#~~####
#..~#Z@~~##
###ZZ5#~#~#
#....#####~#
#..#... ### ##
###.⌠ $[$ ####


You could see a three-headed hydra simulacrum, a dire elephant simulacrum, a
harpy simulacrum (ally target) and a friendly cerulean imp (summoned).

Vanquished Creatures
  Harold (Lair:1)
  Fannar (Lair:2)
  Erica (Lair:1)
  4 hydras
  A boulder beetle (Lair:4)
  2 death yaks (Lair:5)
  A skyshark (Lair:5)
  Pikel (D:6)
  2 lindwurms (Lair:4)
  An ice statue (IceCv)
  9 black mambas
  14 elephants
  Joseph (Lair:1)
  11 cane toads
  2 torpor snails (Lair:4)
  6 komodo dragons
  5 rime drakes
  A tengu conjurer (D:10)
  3 trolls
  3 polar bears
  24 blink frogs
  A wraith (D:10)
  2 basilisks
  3 wyverns
  42 yaks
  2 steam dragons
  Grum (D:8)
  Menkaure (D:5)
  3 nagas (Lair:2)
  17 water moccasins
  4 black bears
  2 orc warriors
  2 ogres
  5 wolves
  3 centaurs
  2 lemures (D:6)
  A phantom (D:4)
  2 kobold brigands
  14 bullfrogs
  2 gnoll sergeants (D:9)
  6 scorpions
  3 two-headed ogre simulacra (IceCv)
  9 wights
  An elephant simulacrum (IceCv)
  6 howler monkeys
  2 electric eels
  A bombardier beetle (D:4)
  Crazy Yiuf (D:3)
  2 jellies
  6 orc priests
  A gnoll bouda (D:7)
  Ijyb (D:3)
  5 iguanas
  5 orc wizards
  2 troll simulacra (IceCv)
  Natasha (thrice) (D:3)
  A spriggan simulacrum (IceCv)
  2 wolf simulacra (IceCv)
  Robin (D:3)
  17 gnolls
  2 naga simulacra (IceCv)
  8 adders
  A shadow imp (D:7)
  A white imp (D:7)
  2 ufetubi (IceCv)
  A dart slug (D:1)
  2 ribbon worms
  24 orcs
  12 ball pythons
  7 bats
  7 endoplasms
  6 giant cockroaches
  3 goblins
  11 hobgoblins
  14 kobolds
  A quokka (D:1)
  7 rats
387 creatures vanquished.

Vanquished Creatures (collateral kills)
  A black mamba (Lair:1)
  Grinder (D:5)
  3 wraiths
  A water moccasin (Lair:1)
  A black bear (D:10)
  A wolf (D:8)
  A bullfrog (D:10)
  A wight (D:8)
  A sleepcap (D:5)
11 creatures vanquished.

Grand Total: 398 creatures vanquished

Notes
Turn   | Place    | Note
-------+----------+-------------------------------------------
     0 | D:1      | pokeman the Deep Elf Hedge Wizard began the quest for the
                  | Orb.
     0 | D:1      | Reached XP level 1. HP: 10/10 MP: 7/7
   265 | D:1      | Reached XP level 2. HP: 16/16 MP: 6/9
   759 | D:1      | Reached skill level 5 in Spellcasting
   951 | D:1      | Reached XP level 3. HP: 20/20 MP: 5/11
   955 | D:1      | Learned a level 3 spell: Mephitic Cloud
   958 | D:1      | Learned a level 2 spell: Call Imp
   961 | D:1      | Learned a level 2 spell: Blink
  1225 | D:2      | Found Qoyrodwe's Distillery.
  1247 | D:2      | Found Inwin's Assorted Antiques.
  1464 | D:2      | Reached skill level 1 in Armour
  1541 | D:2      | Found Bolode's Jewellery Shoppe.
  1589 | D:2      | Reached skill level 1 in Fighting
  1649 | D:2      | Found Afremiun's Assorted Antiques.
  1756 | D:2      | Identified the +1 helmet of Vlad {rF+ rCorr Stlth+}
  2009 | D:3      | Noticed Ijyb
  2025 | D:3      | Noticed Robin
  2303 | D:3      | Reached XP level 4. HP: 23/24 MP: 8/13
  2392 | D:3      | Noticed Natasha
  2400 | D:3      | Killed Natasha
  2407 | D:3      | Killed Robin
  2419 | D:3      | Noticed Natasha
  2536 | D:3      | Killed Natasha
  2685 | D:3      | Killed Ijyb
  2686 | D:3      | Reached skill level 6 in Spellcasting
  2686 | D:3      | Reached XP level 5. HP: 28/29 MP: 7/15
  2765 | D:3      | Found a burning altar of Makhleb.
  2811 | D:3      | Found a runed translucent door.
  2812 | D:3      | Noticed Crazy Yiuf
  2956 | D:3      | Noticed Natasha
  2974 | D:3      | Killed Natasha
  2975 | D:3      | Reached skill level 1 in Air Magic
  2977 | D:3      | Reached skill level 1 in Alchemy
  3550 | D:3      | Killed Crazy Yiuf
  3654 | D:4      | Noticed a phantom
  3656 | D:4      | Reached skill level 1 in Evocations
  3656 | D:4      | Reached XP level 6. HP: 34/34 MP: 17/17
  3665 | D:4      | Reached skill level 7 in Spellcasting
  4006 | D:4      | Reached XP level 7. HP: 35/40 MP: 13/20
  4014 | D:4      | Learned a level 7 spell: Ozocubu's Refrigeration
  4161 | D:4      | Found a runed translucent gate.
  4161 | D:4      | Noticed Atlas's ghost (amateur DsFE)
  4161 | D:4      | Identified the +7 sling "Piepesky" {speed, Dex+3}
  4161 | D:4      | Identified the +2 chain mail "Jechoish" {rN+}
  4162 | D:4      | Found a runed translucent gate.
  4163 | D:4      | Found a runed translucent gate.
  4390 | D:4      | Found a roughly hewn altar of Beogh.
  4424 | D:5      | Entered Level 5 of the Dungeon
  4517 | D:5      | Noticed Menkaure
  4528 | D:5      | Killed Menkaure
  4529 | D:5      | Reached skill level 8 in Spellcasting
  4529 | D:5      | Reached skill level 1 in Ice Magic
  4783 | D:5      | Found Ciyrghec's Weapon Shop.
  5047 | D:5      | Identified the +0 leather armour "Ungen" {rPois rC+ Dex+4}
  5097 | D:5      | Noticed Grinder
  5184 | D:5      | Reached skill level 9 in Spellcasting
  5184 | D:5      | Reached XP level 8. HP: 44/44 MP: 17/23
  5487 | D:6      | Noticed a troll
  5510 | D:6      | Killed a troll
  5511 | D:6      | Reached skill level 5 in Conjurations
  5657 | D:6      | Noticed Pikel
  5703 | D:6      | Killed Pikel
  5704 | D:6      | Reached skill level 10 in Spellcasting
  5896 | D:6      | Reached XP level 9. HP: 48/48 MP: 21/25
  6114 | D:6      | Reached skill level 11 in Spellcasting
  6353 | D:6      | Found a staircase to the Ecumenical Temple.
  6359 | Temple   | Entered the Ecumenical Temple
  6371 | Temple   | Became a worshipper of Vehumet
  6581 | D:7      | Reached skill level 1 in Earth Magic
  6858 | D:7      | Found Nyubaggo's Distillery.
  6876 | D:7      | Reached skill level 5 in Ice Magic
  7150 | D:7      | Reached skill level 12 in Spellcasting
  7445 | D:7      | Found a glowing golden altar of the Shining One.
  7587 | D:8      | Reached * piety under Vehumet
  7587 | D:8      | Offered knowledge of Sting by Vehumet.
  7610 | D:8      | Reached XP level 10. HP: 33/55 MP: 23/28
  8332 | D:7      | Learned a level 3 spell: Call Canine Familiar
  8460 | D:8      | Reached skill level 13 in Spellcasting
  8464 | D:8      | Noticed Grum
  8504 | D:8      | Killed Grum
  8913 | D:5      | Bought a +1 quick blade of draining for 340 gold pieces
  8986 | D:9      | Found Pufupp's Weapon Shop.
  9044 | D:9      | Offered knowledge of Kiss of Death by Vehumet.
  9047 | D:9      | Reached ** piety under Vehumet
  9151 | D:9      | Reached skill level 1 in Short Blades
  9197 | D:9      | Found a staircase to the Orcish Mines.
  9201 | D:9      | Found Toppauf's Armour Shop.
  9265 | D:9      | Found the +9 staff of Olgreb {rPois∞}
  9285 | D:9      | Found a runed translucent door.
  9292 | D:9      | Noticed a black mamba
  9293 | D:9      | Found a runed translucent gate.
  9293 | D:9      | Found a runed translucent gate.
  9293 | D:9      | Noticed a wolf spider
  9293 | D:9      | Noticed a wolf spider
  9294 | D:9      | Found a runed translucent door.
  9306 | D:9      | Found a runed translucent gate.
  9308 | D:9      | Noticed a wolf spider
  9308 | D:9      | Noticed a wolf spider
  9467 | D:9      | Found a blossoming altar of Fedhas.
  9470 | D:9      | Found a shimmering blue altar of Sif Muna.
  9470 | D:9      | Found a broken altar of Ashenzari.
  9495 | D:9      | Found a hazy altar of Hepliaklqana.
  9565 | D:9      | Found a runed translucent gate.
  9566 | D:9      | Found a runed translucent gate.
  9566 | D:9      | Noticed Azoth's ghost (journeyman DsSh)
  9567 | D:9      | Found a runed translucent gate.
  9567 | D:9      | Noticed a great orb of eyes
  9658 | D:9      | Found a sparkling altar of Nemelex Xobeh.
  9906 | D:10     | Entered Level 10 of the Dungeon
  9937 | D:10     | Reached skill level 14 in Spellcasting
 10269 | D:10     | Reached XP level 11. HP: 51/62 MP: 31/31
 10270 | D:10     | Offered knowledge of Searing Ray by Vehumet.
 10659 | D:10     | Found a staircase to the Lair.
 10750 | D:10     | Found Ecwazeir's Tiny Tomes.
 11289 | D:2      | Bought a scroll labelled TATHRE BEHI for 19 gold pieces
 11289 | D:2      | Bought a scroll labelled TUIMNO GIFF for 19 gold pieces
 11289 | D:2      | Bought a scroll labelled XOICENK DADEUM for 19 gold pieces
 11351 | D:2      | Bought a scroll labelled DASANE UZ CIEGH for 31 gold pieces
 11351 | D:2      | Bought a scroll labelled TOROJ JUMU for 31 gold pieces
 11351 | D:2      | Bought a brown potion for 27 gold pieces
 11351 | D:2      | Bought a scroll labelled VAVEL NEBRANAE for 31 gold pieces
 11351 | D:2      | Bought a glowing dark potion for 27 gold pieces
 11406 | D:2      | Bought a potion of curing for 36 gold pieces
 11510 | D:5      | Killed Grinder
 12124 | D:11     | Noticed a skeletal warrior
 12167 | Lair:1   | Entered Level 1 of the Lair of Beasts
 12198 | Lair:1   | Reached *** piety under Vehumet
 12242 | Lair:1   | Noticed Erica
 12262 | Lair:1   | Killed Erica
 12263 | Lair:1   | Reached skill level 15 in Spellcasting
 12302 | Lair:1   | Noticed Joseph
 12318 | Lair:1   | Killed Joseph
 12373 | Lair:1   | Noticed Harold
 12571 | Lair:1   | Reached skill level 5 in Fighting
 12607 | Lair:1   | Killed Harold
 13735 | Lair:2   | Offered knowledge of Hailstorm by Vehumet.
 13740 | Lair:2   | Learned a level 3 spell: Hailstorm
 13748 | Lair:2   | Reached skill level 5 in Short Blades
 13749 | Lair:2   | Reached skill level 16 in Spellcasting
 13750 | Lair:2   | Reached XP level 12. HP: 59/68 MP: 7/34
 13852 | Lair:2   | Found a staircase to the Shoals.
 14097 | Lair:2   | Noticed an eight-headed hydra
 14100 | Lair:2   | Killed an eight-headed hydra
 14100 | Lair:2   | Noticed Fannar
 14285 | Lair:2   | Killed Fannar
 14286 | Lair:2   | Reached skill level 5 in Armour
 14611 | Lair:2   | Found a staircase to the Snake Pit.
 14872 | Lair:2   | Reached **** piety under Vehumet
 15018 | Lair:2   | Offered knowledge of Olgreb's Toxic Radiance by Vehumet.
 15029 | Lair:2   | Found the +8 whip "Snakebite" {venom, curare, rPois}
 15171 | Lair:3   | Reached skill level 10 in Conjurations
 15184 | Lair:3   | Reached skill level 17 in Spellcasting
 15433 | Lair:3   | Noticed Bediveer's ghost (journeyman OnBe)
 15442 | Lair:3   | Noticed a six-headed hydra
 15444 | Lair:3   | Found a transporter.
 15445 | Lair:3   | Found a transporter.
 15445 | Lair:3   | Noticed a death yak
 15446 | Lair:3   | Killed a six-headed hydra
 16265 | Lair:4   | Reached XP level 13. HP: 70/72 MP: 9/36
 16596 | Lair:4   | Reached skill level 1 in Shields
 16598 | Lair:4   | Reached skill level 18 in Spellcasting
 16815 | Lair:4   | Identified the +1 flail of Equilibrium {freeze, Str+2}
 16838 | Lair:4   | Reached skill level 10 in Ice Magic
 17129 | Lair:4   | Reached ***** piety under Vehumet
 17130 | Lair:4   | Offered knowledge of Airstrike by Vehumet.
 17227 | Lair:4   | Found a staircase to the Slime Pits.
 17635 | Lair:5   | Entered Level 5 of the Lair of Beasts
 17851 | Lair:5   | Identified the +0 chain mail of Grace {rN+ Dex+3}
 17868 | Lair:5   | Reached skill level 19 in Spellcasting
 18229 | Lair:5   | Found a frozen archway.
 18241 | IceCv    | Entered an ice cave
 19105 | IceCv    | HP: 2/72 [harpy simulacrum (5)]
 19106 | IceCv    | Slain by a harpy simulacrum

Illustrated notes

Levels and vault maps discovered:
D:1:      mainiacjoe_arrival_reflecting_pool, layout_rooms, minmay_quantized
D:2:      cheibrodos_old_hovel, layout_basic, serial_shops,
          nicolae_shop_back_alley_shop, shop, nicolae_shop_real_fake_doors,
          nicolae_shop_industrial_runoff
D:3:      kennysheep_big_flooded_room, layout_basic, bloody_makhleb,
          chequers_serial_rivers_large_b, nicolae_goblin_pals,
          uniq_crazy_yiuf_cottage, uniq_natasha
D:4:      layout_basic, biasface_ghost_orc_armoury,
          hangedman_abyss_or_decor_lesser_grid, eino_tiny_chamber
D:5:      layout_gridville, serial_shops, shop, uniq_menkaure, uniq_grinder
D:6:      layout_basic, temple_statues, minivault_11, kennysheep_generic_room_6,
          uniq_pikel
D:7:      layout_gridville, mainiacjoe_overflow_surrounded_room, serial_shops,
          nicolae_stop_n_shop_1
D:8:      layout_rooms, uniq_grum
D:9:      layout_basic, grunt_temple_overflow_open,
          nemelex_xobeh_ov_fountains_minmay, orc_david_3, gammafunk_ghost_split,
          minmay_guarded_unrand_staff_of_olgreb
D:10:     layout_stronghold, due_lair_maze_entry_diamond,
          nicolae_shop_i_like_small_books_too
D:11:     layout_irregular_city, minmay_guarded_unrand_finisher
Temple:   eino_wide_crystal_templ
Lair:1:   layout_roguey, serial_bayou_shore_a, uniq_joseph, uniq_harold,
          uniq_erica
Lair:2:   minmay_guarded_unrand_snakebite, layout_regular_city,
          shoals_dummy_entry, nicolae_snake_entry_squirm,
          infiniplex_staircase_pool_2, uniq_fannar
Lair:3:   layout_chaotic_city, nzn_ghost_randoct, grunt_megastairs_5,
          lemuel_fruit_tree
Lair:4:   layout_roguey, slime_entry_1, chequers_serial_rivers_micro_d, pond
Lair:5:   grunt_lair_end_beastmaster, layout_long_grid, portal_ice_cave_rime,
          grunt_megastairs_3, infiniplex_staircase_pool
IceCv:    ice_cave_caverns_03

Skill      XL: |  1  2  3  4  5  6  7  8  9 10 11 12 13 |
---------------+----------------------------------------+-----
Spellcasting   | 5 6 7 9 10 12 14 16 17 19 | 19.4
Armour         | 1 2 3 4 6 |  6.0
Fighting       | 1 2 4 5 |  5.0
Conjurations   | 2 3 4 5 7 8 9 10 11 | 11.6
Stealth        | 3 |  3.0
Dodging        | 3 |  3.0
Air Magic      | 1 |  1.0
Alchemy        | 1 |  1.0
Evocations     | 1 |  1.0
Ice Magic      | 2 4 5 7 8 9 11 | 11.0
Earth Magic    | 1 |  1.0
Short Blades   | 2 5 6 7 |  7.0
Shields        | 3 |  3.7
Summonings     | |  1.1
Translocations | |  1.1

Action                     |  1- 3 |  4- 6 |  7- 9 | 10-12 | 13-15 || total
---------------------------+-------+-------+-------+-------+-------++-------
  Melee: Dagger            |    26 |    13 |       |       |       ||    39
         Short sword       |       |    79 |       |       |       ||    79
         Hand axe          |       |       |   101 |    23 |       ||   124
         Quick blade       |       |       |       |   638 |    94 ||   732
   Cast: Magic Dart        |   115 |    55 |   227 |   179 |    28 ||   604
         Mephitic Cloud    |     3 |    13 |    23 |    46 |     8 ||    93
         Blink             |     1 |       |     2 |     3 |     1 ||     7
         Call Imp          |       |     1 |     3 |     4 |     4 ||    12
         Call Canine Famil |       |       |       |    13 |     2 ||    15
         Ozocubu's Refrige |       |       |       |    53 |    55 ||   108
         Hailstorm         |       |       |       |     7 |    10 ||    17
  Evoke: Wand              |       |       |       |     2 |       ||     2
    Use: Scroll            |       |       |       |       |    18 ||    18
   Stab: Confused          |     3 |    16 |    16 |    68 |     3 ||   106
         Sleeping          |     2 |     1 |     2 |     1 |       ||     6
         Distracted        |       |       |       |     3 |     1 ||     4
 Armour: Robe              |    25 |    18 |       |     3 |       ||    46
         Leather armour    |       |     7 |    80 |   227 |    78 ||   392
  Dodge: Dodged            |    28 |    37 |    72 |   235 |    52 ||   424

Table legend: (Time is in decaauts)
 A = Elapsed time spent in this place.
 B = Non-inter-level travel time spent in this place.
 C = Inter-level travel time spent in this place.
 D = Time resting spent in this place.
 E = Time spent auto-exploring this place.
 F = Levels seen in this place.
 G = Mean time per level.
                   A        B        C        D        E       F      G
               +--------+--------+--------+--------+--------+-----+--------+
         Total |  19244 |  18119 |   1125 |   1982 |  12985 |  18 | 1069.1 |
       Dungeon |  12257 |  11310 |    947 |    701 |   8537 |  11 | 1114.3 |
        Temple |     24 |      2 |     22 |      0 |      0 |   1 |   24.0 |
          Lair |   6095 |   5940 |    155 |    788 |   4194 |   5 | 1219.0 |
      Ice Cave |    867 |    867 |      0 |    493 |    254 |   1 |  867.0 |
               +--------+--------+--------+--------+--------+-----+--------+

Top non-repeatable levels by time:
  Lair:4: 1704 daAuts
  Lair:2: 1639 daAuts
     D:3: 1553 daAuts
    D:10: 1417 daAuts
  Lair:1: 1376 daAuts
     D:6: 1225 daAuts
     D:8: 1213 daAuts
     D:7: 1198 daAuts
  Lair:3: 1177 daAuts
     D:2: 1172 daAuts
     D:1: 1153 daAuts
     D:9: 1077 daAuts
     D:5: 1065 daAuts
   IceCv: 867 daAuts
     D:4: 806 daAuts
